 Dungeon Crawl Stone Soup version 0.28.0 (webtiles) character file.

Game seed: 9695254364579316709

1398 rocky1 the Geomancer (level 8, -4/69 HPs)
             Began as a Gargoyle Earth Elementalist on Feb 18, 2022.
             Was a Follower of Vehumet.
             Slain by a steam dragon (7 damage)
             ... on level 6 of the Dungeon.
             The game lasted 00:22:43 (6021 turns).

rocky1 the Geomancer (Gargoyle Earth Elementalist)  Turns: 6021, Time: 00:22:45

Health: -4/69      AC: 24    Str: 13    XL:     8   Next: 69%
Magic:  10/13      EV:  2    Int: 17    God:    Vehumet [*.....]
Gold:   194        SH:  0    Dex: 10    Spells: 10/14 levels left

rFire   . . .      SeeInvis .   f - +0 hand axe (freeze)
rCold   . . .      Faith    .   (no shield)
rNeg    + . .      Spirit   .   (armour currently unavailable)
rPois   ∞          Reflect  .   (helmet currently unavailable)
rElec   .          Harm     .   (cloak currently unavailable)
rCorr   .          Rampage  .   (gloves currently unavailable)
Will    .....      NoTele   +   (boots currently unavailable)
Stlth   ++........              (no amulet)
HPRegen 0.21/turn               (no ring)
MPRegen 0.13/turn               (no ring)

@: tree-form
A: stationary, stasis, torment immunity, boosted hp, sickness immunity, AC +5,
negative energy resistance 1, (electricity resistance), torment resistance 1,
petrification resistance
a: Renounce Religion


You were on level 6 of the Dungeon.
You worshipped Vehumet.
Vehumet was aware of your devotion.
You were a tree.
You visited 2 branches of the dungeon, and saw 7 of its levels.

You collected 194 gold pieces.

Inventory:

Hand Weapons
 f - a +0 hand axe of freezing (weapon)
 g - a +2 whip of electrocution
Missiles
 c - 131 stones
Armour
 d - a +0 cloak (melded)
 h - a +0 pair of gloves (melded)
 i - an orb of mayhem
 j - a +0 pair of boots (melded)
 p - a +0 leather armour (melded)
Magical Staves
 e - a staff of fire
Wands
 n - a wand of flame (9)
 u - a wand of charming (6)
Scrolls
 l - a scroll of vulnerability {unknown}
 o - a scroll of enchant armour
 q - a scroll of brand weapon {unknown}
 s - a scroll of identify
Potions
 a - a potion of brilliance {unknown}
 b - 2 potions of lignification
 k - a potion of mutation {unknown}
 m - a potion of berserk rage {unknown}
 r - 3 potions of heal wounds {unknown}
 t - a potion of resistance {unknown}


   Skills:
 + Level 3.3 Fighting
 - Level 1.5 Dodging
 - Level 2.1 Stealth
 + Level 3.5 Spellcasting
 + Level 3.3 Conjurations
 - Level 0.7 Transmutations
 - Level 10.2 Earth Magic
 + Level 2.7 Evocations


You had 10 spell levels left.
You knew the following spells:

 Your Spells              Type           Power      Damage    Failure   Level
a - Sandblast             Erth           74%        2d16      1%          1
b - Stone Arrow           Conj/Erth      52%        3d10      3%          3

Your spell library contained the following spells:

 Spells                   Type           Power      Damage    Failure   Level
 Shock                    Conj/Air       32%        1d5       9%          1
 Passwall                 Tmut/Erth      17%        N/A       2%          2
 Summon Small Mammal      Summ           12%        N/A       17%         1
 Petrify                  Tmut/Erth      21%        N/A       17%         4
 Call Canine Familiar     Summ           3%         N/A       45%         3
 Frozen Ramparts          Ice            6%         1d2       45%         3
 Summon Guardian Golem    Hex/Summ       3%         N/A       45%         3
 Ice Form                 Ice/Tmut       4%         N/A       80%         4
 Summon Ice Beast         Ice/Summ       3%         N/A       86%         4


Dungeon Overview and Level Annotations

Branches:
Dungeon (6/15)             Temple (1/1) D:4

Altars:
Ashenzari
Dithmenos
Elyvilon
Fedhas
Gozag
Hepliaklqana
Kikubaaqudgha
Nemelex Xobeh
Okawaru
Ru
Trog
Uskayaw
Vehumet
Xom
Yredelemnul
Zin
The Shining One


Innate Abilities, Weirdness & Mutations

You are a tree.
Your roots penetrate the ground, keeping you stationary.
You cannot be teleported.
You are immune to unholy pain and torment.
Your maximum health is greatly increased.
Your equipment is partially melded.
You are immune to sickness and miasma.
((Your stone body is resilient. (AC +5)))
You are immune to poison.
You resist negative energy. (rN+)
((You are resistant to electric shocks. (rElec)))
You are resistant to unholy torment.
You are immune to petrification.


Message History

You are engulfed in a cloud of scalding steam.
Aiming: Sandblast (safe; 1% risk of failure)
Press: ? - help, Q - select action, (/) - cycle Shift-Dir - straight line, f/p - steam dragon
Aim: a steam dragon (steam, heavily wounded, 82% to hit)
The blast of sand hits the steam dragon but does no damage.
The steam dragon is heavily wounded.
You are engulfed in a cloud of scalding steam.
The steam dragon breathes steam at you. The ball of steam hits you!!
* * * LOW HITPOINT WARNING * * *
Aiming: Sandblast (safe; 1% risk of failure)
Press: ? - help, Q - select action, (/) - cycle Shift-Dir - straight line, f/p - steam dragon
Aim: a steam dragon (steam, heavily wounded, catching its breath, 82% to hit)
The blast of sand misses the steam dragon.
You are engulfed in a cloud of scalding steam.
* * * LOW HITPOINT WARNING * * *
The steam dragon bites you!
* * * LOW HITPOINT WARNING * * *
The steam dragon closely misses you.
Unknown command.
It was a potion of lignification.
You turn into a tree.
Your +0 cloak melds into your body.
Your +0 pair of gloves melds into your body.
Your +0 pair of boots melds into your body.
Your +0 leather armour melds into your body.
Your roots penetrate the ground.
The steam dragon bites you but does no damage.
The steam dragon claws you but does no damage.
Unknown command.
You hit the steam dragon. You freeze the steam dragon.
The steam dragon is heavily wounded.
The steam dragon barely misses you.
The steam dragon claws you but does no damage.
You hit the steam dragon. You freeze the steam dragon.
The steam dragon is severely wounded.
You are engulfed in a cloud of scalding steam.
The steam dragon bites you but does no damage.
The steam dragon claws you but does no damage.
The steam dragon bites you!
You die...

#####.....# ...#.##
....#....... ...#...
## .......... ..
....... ##.#...#....##
... ...#...
#.##......#.....# ....
......#
#.......#.#.....#.....
#....
.......#.#...........
#....
.......#...#..#......
#.#.#
#........#.♣D......
#....
#........#§§.....##
#....
#.....#......#....#
#.#.#
##..[##.##.###.....
#.... ###.#.)....#
.... #...†
#......##........
#.#.#
#................
#.... #.............(.
#....
###.......#.........
#.#.#


You could see a steam dragon.

Vanquished Creatures
  Grinder (D:4)
  A sky beast (D:6)
  A black bear (D:5)
  An ogre (D:5)
  A necrophage (D:5)
  A hornet zombie (D:6)
  A phantom (D:5)
  A bullfrog (D:6)
  2 scorpions
  A centaur zombie (D:3)
  Crazy Yiuf (D:4)
  2 jellies (D:5)
  3 orc priests
  4 orc wizards
  A hound skeleton (D:5)
  4 gnolls (D:4)
  5 adders
  A white imp (D:5)
  An ufetubus (D:4)
  2 adder skeletons
  A worm (D:3)
  A dart slug (D:3)
  10 orcs
  9 ball pythons
  7 endoplasms
  5 giant cockroaches
  6 goblins
  2 hobgoblins (D:1)
  3 jackals (D:2)
  A quokka (D:4)
  4 bats
  3 frilled lizards
  6 kobolds
  5 rats
98 creatures vanquished.

Vanquished Creatures (others)
  An orc wizard (D:6)
1 creature vanquished.

Grand Total: 99 creatures vanquished

Notes
Turn   | Place    | Note
-------+----------+-------------------------------------------
     0 | D:1      | rocky1 the Gargoyle Earth Elementalist began the quest for
                  | the Orb.
     0 | D:1      | Reached XP level 1. HP: 10/10 MP: 3/3
   154 | D:1      | Reached skill level 4 in Earth Magic
   354 | D:1      | Reached XP level 2. HP: 15/15 MP: 1/5
   967 | D:1      | Found a faded altar of an unknown god.
   979 | D:1      | Reached skill level 5 in Earth Magic
   979 | D:1      | Reached XP level 3. HP: 17/19 MP: 1/6
  1954 | D:3      | Learned a level 3 spell: Stone Arrow
  2074 | D:3      | You fall into a shaft and drop 1 floor!
  2079 | D:4      | Found a staircase to the Ecumenical Temple.
  2085 | D:4      | Reached XP level 4. HP: 24/24 MP: 3/7
  2107 | Temple   | Entered the Ecumenical Temple
  2391 | Temple   | Became a worshipper of Vehumet
  2475 | D:3      | Reached skill level 6 in Earth Magic
  2930 | D:3      | Noticed a scorpion
  2936 | D:3      | Killed a scorpion
  2937 | D:3      | Reached skill level 7 in Earth Magic
  2937 | D:3      | Reached XP level 5. HP: 28/28 MP: 3/8
  3350 | D:4      | Noticed Grinder
  3355 | D:4      | Killed Grinder
  3356 | D:4      | Reached skill level 8 in Earth Magic
  3356 | D:4      | Reached XP level 6. HP: 29/32 MP: 4/9
  3750 | D:4      | Reached skill level 9 in Earth Magic
  3751 | D:4      | Reached * piety under Vehumet
  3751 | D:4      | Offered knowledge of Shock by Vehumet.
  3755 | D:4      | Reached XP level 7. HP: 30/36 MP: 1/10
  4095 | D:4      | Found a runed translucent door.
  4096 | D:4      | Noticed Crazy Yiuf
  4101 | D:4      | Killed Crazy Yiuf
  4168 | D:5      | Entered Level 5 of the Dungeon
  4216 | D:5      | Reached skill level 10 in Earth Magic
  4288 | D:5      | Reached skill level 1 in Fighting
  4288 | D:5      | Reached skill level 1 in Conjurations
  4403 | D:5      | Found a blossoming altar of Fedhas.
  4474 | D:5      | Reached skill level 1 in Evocations
  4529 | D:5      | Reached XP level 8. HP: 44/44 MP: 5/11
  5353 | D:6      | HP: 2/45 [something/puff of flame (10)]
  6018 | D:6      | HP: 2/46 [steam dragon (7)]
  6021 | D:6      | Slain by a steam dragon

Illustrated notes

Levels and vault maps discovered:
D:1:      saegor_arrival_under_anarchy, layout_loops_ring,
          nicolae_ecumenical_snake_handling
D:2:      layout_rooms
D:3:      layout_loops_ring, minivault_27
D:4:      layout_cave_pools, temple_pool_b, kennysheep_nondescript,
          uniq_crazy_yiuf_cottage, uniq_grinder
D:5:      layout_basic, lemuel_tele_altar, st_stairs_5
D:6:      layout_cave_pools, nzn_wu_jian_council_hall, columned_hall_lemuel,
          amethyst_killhole, nicolae_shop_firing_range
Temple:   regret_index_temple_sphere_string

Skill      XL: |  1  2  3  4  5  6  7  8 |
---------------+-------------------------+-----
Earth Magic    | 4 5 7 8 9 10 | 10.2
Fighting       | 1 3 |  3.3
Conjurations   | 1 3 |  3.3
Evocations     | 1 2 |  2.7
Spellcasting   | 3 |  3.5
Dodging        | |  1.5
Stealth        | |  2.1
Transmutations | |  0.7

Action                   |  1- 3 |  4- 6 |  7- 9 || total
-------------------------+-------+-------+-------++-------
Melee: Dagger            |    18 |       |       ||    18
       Unarmed           |     5 |       |       ||     5
       Short sword       |    28 |       |       ||    28
       Hand axe          |     6 |     6 |    22 ||    34
 Cast: Sandblast         |    33 |    47 |    60 ||   140
  Use: Scroll            |       |       |     4 ||     4
       Potion            |       |       |     2 ||     2
 Stab: Sleeping          |     1 |       |       ||     1
Armor: Robe              |    26 |     4 |       ||    30
       Leather armour    |       |     2 |    51 ||    53
       Skin              |       |       |     6 ||     6
Dodge: Dodged            |    46 |    12 |    16 ||    74
